| TOP OF THE 1ST |
|
Philadelphia Phillies batting - Pitching for New York Mets : RHP Jeff Jank
|
|
Pitching: RHP Jeff Jank
|
|
|
Batting: SHB Lance Franklin
|
0-0: Called Strike 0-1: Swinging Strike 0-2: Ball 1-2: DOUBLE (Groundball, 3L, EV 108.8 MPH)
|
|
Batting: LHB Nick Canizales
|
0-0: Called Strike 0-1: Foul Ball, location: 2F 0-2: Foul Ball, location: 2F 0-2: Strikes out swinging
|
|
Batting: LHB Osamu Kubo
|
0-0: Called Strike 0-1: Ball 1-1: Ball 2-1: Swinging Strike 2-2: Ball 3-2: DOUBLE (Groundball, 5L, EV 103.1 MPH) Lance Franklin scores
|
|
Batting: LHB Brad Turner
|
0-0: Swinging Strike 0-1: Swinging Strike 0-2: Ball 1-2: Fly out, F9 (Flyball, 9, EV 79.4 MPH)
|
|
Batting: LHB Cody Schumacher
|
0-0: Ball 1-0: Ball 2-0: Called Strike 2-1: Ground out U3 (Groundball, 34S, EV 88.1 MPH)
|
| Top of the 1st over - 1 run, 2 hits, 0 errors, 1 left on base; Philadelphia 1 - New York 0 |
| BOTTOM OF THE 1ST |
|
New York Mets batting - Pitching for Philadelphia Phillies : RHP Sean Hill
|
|
Pitching: RHP Sean Hill
|
|
|
Batting: RHB Finn Ross
|
0-0: Bunt for hit to 15 - play at first, batter OUT! 1-3
|
|
Batting: LHB Kevin Bellman
|
0-0: Ground out 5-3 (Groundball, 6, EV 85.6 MPH)
|
|
Batting: SHB Sean Cook
|
0-0: Ball 1-0: Foul Ball, location: 2F 1-1: Foul Ball, location: 2F 1-2: Ball 2-2: Foul Ball, location: 2F 2-2: Foul Ball, location: 2F 2-2: Ball 3-2: Foul Ball, location: 2F 3-2: Fly out, F8 (Flyball, 8LM, EV 83.1 MPH)
|
| Bottom of the 1st over - 0 runs, 0 hits, 0 errors, 0 left on base; Philadelphia 1 - New York 0 |
| TOP OF THE 2ND |
|
Philadelphia Phillies batting - Pitching for New York Mets : RHP Jeff Jank
|
|
Batting: SHB Phuck II
|
0-0: Fly out, F7 (Flyball, 78D, EV 95.6 MPH)
|
|
Batting: LHB Mike Davis
|
0-0: Swinging Strike 0-1: Foul Ball, location: 2F 0-2: Ball 1-2: Strikes out swinging
|
|
Batting: RHB Quintin Parker
|
0-0: Called Strike 0-1: Ball 1-1: Ball 2-1: Ball 3-1: Foul Ball, location: 2F 3-2: Base on Balls
|
|
Batting: LHB Jim Beaver
|
0-0: Called Strike 0-1: Foul Ball, location: 2F 0-2: Ball 1-2: Foul Ball, location: 2F 1-2: Ground out 6-3 (Groundball, 6M, EV 82.5 MPH)
|
| Top of the 2nd over - 0 runs, 0 hits, 0 errors, 1 left on base; Philadelphia 1 - New York 0 |
| BOTTOM OF THE 2ND |
|
New York Mets batting - Pitching for Philadelphia Phillies : RHP Sean Hill
|
|
Batting: SHB Nelle van den Berg
|
0-0: Ball 1-0: Ball 2-0: Foul Ball, location: 2F 2-1: Swinging Strike 2-2: Foul Ball, location: 2F 2-2: Strikes out swinging
|
|
Batting: SHB Roberto Magne
|
0-0: Swinging Strike 0-1: Ball 1-1: Called Strike 1-2: Strikes out swinging
|
|
Batting: SHB Javy Rosa
|
0-0: Ball 1-0: Called Strike 1-1: Called Strike 1-2: Ball 2-2: Ball 3-2: Base on Balls
|
|
Batting: LHB Fabiano Perrolas
|
0-0: Ball 1-0: Called Strike 1-1: Foul Ball, location: 2F 1-2: Fly out, F7 (Flyball, 78M, EV 88.1 MPH)
|
| Bottom of the 2nd over - 0 runs, 0 hits, 0 errors, 1 left on base; Philadelphia 1 - New York 0 |
| TOP OF THE 3RD |
|
Philadelphia Phillies batting - Pitching for New York Mets : RHP Jeff Jank
|
|
Batting: SHB Lance Franklin
|
0-0: Called Strike 0-1: Ball 1-1: Ball 2-1: Ball 3-1: Ground out 6-3 (Groundball, 6, EV 83.8 MPH)
|
|
Batting: LHB Nick Canizales
|
0-0: Ball 1-0: Ball 2-0: Ball 3-0: Base on Balls
|
|
Batting: LHB Osamu Kubo
|
0-0: Foul Ball, location: 2F 0-1: Foul Ball, location: 2F 0-2: Ball 1-2: Ball 2-2: Ball 3-2: Strikes out looking
|
|
Batting: LHB Brad Turner
|
0-0: Ball 1-0: Called Strike 1-1: Called Strike 1-2: Strikes out swinging
|
| Top of the 3rd over - 0 runs, 0 hits, 0 errors, 1 left on base; Philadelphia 1 - New York 0 |
| BOTTOM OF THE 3RD |
|
New York Mets batting - Pitching for Philadelphia Phillies : RHP Sean Hill
|
|
Batting: RHB Billy Walker
|
0-0: Called Strike 0-1: Foul Ball, location: 2F 0-2: Strikes out swinging
|
|
Batting: RHB Antonio Aranda
|
0-0: Foul Ball, location: 2F 0-1: Ball 1-1: Swinging Strike 1-2: Strikes out swinging
|
|
Batting: RHB Finn Ross
|
0-0: Ball 1-0: Swinging Strike 1-1: Called Strike 1-2: Foul Ball, location: 2F 1-2: Strikes out swinging
|
| Bottom of the 3rd over - 0 runs, 0 hits, 0 errors, 0 left on base; Philadelphia 1 - New York 0 |
| TOP OF THE 4TH |
|
Philadelphia Phillies batting - Pitching for New York Mets : RHP Jeff Jank
|
|
Batting: LHB Cody Schumacher
|
0-0: Called Strike 0-1: Foul Ball, location: 2F 0-2: Ball 1-2: Ball 2-2: Ball 3-2: Ground out 4-3 (Groundball, 4, EV 84.4 MPH)
|
|
Batting: SHB Phuck II
|
0-0: Called Strike 0-1: Fly out, F7 (Flyball, 7S, EV 71.9 MPH)
|
|
Batting: LHB Mike Davis
|
0-0: Called Strike 0-1: Called Strike 0-2: Strikes out swinging
|
| Top of the 4th over - 0 runs, 0 hits, 0 errors, 0 left on base; Philadelphia 1 - New York 0 |
| BOTTOM OF THE 4TH |
|
New York Mets batting - Pitching for Philadelphia Phillies : RHP Sean Hill
|
|
Batting: LHB Kevin Bellman
|
0-0: Ball 1-0: Ball 2-0: Called Strike 2-1: SINGLE (Line Drive, 56D, EV 103.1 MPH)
|
|
Batting: SHB Sean Cook
|
0-0: Ball 1-0: Ball 2-0: Ball Wild Pitch! Kevin Bellman to second 3-0: Base on Balls
|
|
Batting: SHB Nelle van den Berg
|
0-0: Called Strike 0-1: Ball 1-1: Called Strike 1-2: Strikes out looking
|
|
Batting: SHB Roberto Magne
|
0-0: Ball 1-0: Called Strike 1-1: Foul Ball, location: 2F 1-2: Ball 2-2: Foul Ball, location: 2F 2-2: Ball 3-2: SINGLE (Groundball, 4D, EV 106.9 MPH) Kevin Bellman to third Sean Cook to second Runner from 3rd tries for Home, SAFE, throw by CF to home
|
|
Batting: SHB Javy Rosa
|
0-0: Called Strike 0-1: SINGLE (Groundball, 4MD, EV 96.9 MPH) Sean Cook to third Roberto Magne to second Runner from 3rd tries for Home, SAFE, throw by CF to home
|
|
Batting: LHB Fabiano Perrolas
|
0-0: Fly out, F7 (Line Drive, 7S, EV 96.9 MPH)
|
|
Batting: RHB Billy Walker
|
0-0: Called Strike 0-1: Ball 1-1: Foul Ball, location: 2F 1-2: DOUBLE (Line Drive, 78M, EV 105.0 MPH) Roberto Magne scores Javy Rosa to third
|
|
Batting: RHB Antonio Aranda
|
0-0: TRIPLE (Flyball, 8LD, EV 90.6 MPH) Javy Rosa scores Billy Walker scores
|
|
Pitching: RHP Josh Allport
|
|
|
Batting: RHB Finn Ross
|
0-0: Called Strike 0-1: Ball 1-1: Swinging Strike 1-2: Foul Ball, location: 2F 1-2: Strikes out swinging
|
| Bottom of the 4th over - 5 runs, 5 hits, 0 errors, 1 left on base; Philadelphia 1 - New York 5 |
| TOP OF THE 5TH |
|
Philadelphia Phillies batting - Pitching for New York Mets : RHP Jeff Jank
|
|
Batting: RHB Quintin Parker
|
0-0: Called Strike 0-1: Called Strike 0-2: Strikes out looking
|
|
Batting: LHB Jim Beaver
|
0-0: Ball 1-0: Ball 2-0: Ground out 4-3 (Groundball, 4, EV 103.1 MPH)
|
|
Batting: SHB Lance Franklin
|
0-0: Called Strike 0-1: Ball 1-1: Called Strike 1-2: Foul Ball, location: 2F 1-2: Hit by Pitch
|
|
Batting: LHB Nick Canizales
|
0-0: Ball 1-0: Called Strike Lance Franklin is caught stealing 2nd base 2-6
|
| Top of the 5th over - 0 runs, 0 hits, 0 errors, 0 left on base; Philadelphia 1 - New York 5 |
| BOTTOM OF THE 5TH |
|
New York Mets batting - Pitching for Philadelphia Phillies : RHP Josh Allport
|
|
Batting: LHB Kevin Bellman
|
0-0: Swinging Strike 0-1: Ground out 4-3 (Groundball, 4, EV 85.6 MPH)
|
|
Batting: SHB Sean Cook
|
0-0: Ball 1-0: Swinging Strike 1-1: Ball 2-1: Foul Ball, location: 2F 2-2: Ball 3-2: Strikes out looking
|
|
Batting: SHB Nelle van den Berg
|
0-0: Ball 1-0: SINGLE (Groundball, 34D, EV 98.1 MPH)
|
|
Batting: SHB Roberto Magne
|
0-0: Ball Nelle van den Berg is caught stealing 2nd base 2-6
|
| Bottom of the 5th over - 0 runs, 1 hit, 0 errors, 0 left on base; Philadelphia 1 - New York 5 |
| TOP OF THE 6TH |
|
Philadelphia Phillies batting - Pitching for New York Mets : RHP Jeff Jank
|
|
Batting: LHB Nick Canizales
|
0-0: Ball 1-0: Foul Ball, location: 2F 1-1: Ball 2-1: Called Strike 2-2: Ball 3-2: Foul Ball, location: 2F 3-2: Base on Balls
|
|
Batting: LHB Osamu Kubo
|
0-0: Ball 1-0: Ball 2-0: Ball 3-0: Base on Balls Nick Canizales to second
|
|
Batting: LHB Brad Turner
|
0-0: Ball 1-0: Ball 2-0: Fly out, F8 (Flyball, 8LXD, EV 90.0 MPH) Runner from 2nd tags up, SAFE at 3rd, no throw by CF
|
|
Batting: LHB Cody Schumacher
|
0-0: Ball 1-0: Called Strike 1-1: Foul Ball, location: 2F 1-2: SINGLE (Groundball, 6S, EV 75.0 MPH) (infield hit) Nick Canizales scores Osamu Kubo to second
|
|
Batting: SHB Phuck II
|
0-0: Ground out 6-3 (Groundball, 6MS, EV 84.4 MPH) Osamu Kubo to third Cody Schumacher to second
|
|
Batting: LHB Mike Davis
|
0-0: Foul Ball, location: 2F 0-1: DOUBLE (Line Drive, 8RXD, EV 102.5 MPH) Osamu Kubo scores Cody Schumacher scores
|
|
Pitching: LHP Steve Kelly
|
|
|
Batting: RHB Quintin Parker
|
0-0: Ball 1-0: Foul Ball, location: 2F 1-1: Ball 2-1: Ball 3-1: Base on Balls
|
|
Pinch Hitting: RHB Josh Hensley
|
0-0: Foul Ball, location: 2F 0-1: Called Strike 0-2: Strikes out swinging
|
| Top of the 6th over - 3 runs, 2 hits, 0 errors, 2 left on base; Philadelphia 4 - New York 5 |
| BOTTOM OF THE 6TH |
|
New York Mets batting - Pitching for Philadelphia Phillies : RHP Josh Allport
|
|
Now at 3B: Josh Hensley
|
|
|
Batting: SHB Roberto Magne
|
0-0: Called Strike 0-1: Ball 1-1: Foul Ball, location: 2F 1-2: Ball 2-2: Ground out U3 (Groundball, 34S, EV 86.2 MPH)
|
|
Batting: SHB Javy Rosa
|
0-0: Ball 1-0: Ball 2-0: Ball 3-0: Base on Balls
|
|
Batting: LHB Fabiano Perrolas
|
0-0: Ball 1-0: Foul Ball, location: 2F 1-1: Ball 2-1: Ball Wild Pitch! Javy Rosa to second 3-1: Foul Ball, location: 2F 3-2: Foul Ball, location: 2F 3-2: Ground out 5-3 (Groundball, 56D, EV 109.4 MPH)
|
|
Batting: RHB Billy Walker
|
0-0: Called Strike 0-1: Ball 1-1: Called Strike 1-2: Foul Ball, location: 2F 1-2: Strikes out looking
|
| Bottom of the 6th over - 0 runs, 0 hits, 0 errors, 1 left on base; Philadelphia 4 - New York 5 |
| TOP OF THE 7TH |
|
Philadelphia Phillies batting - Pitching for New York Mets : LHP Steve Kelly
|
|
Batting: SHB Lance Franklin
|
0-0: Called Strike 0-1: Foul Ball, location: 2F 0-2: Ball 1-2: Fly out, F8 (Flyball, 8RS, EV 82.5 MPH)
|
|
Batting: LHB Nick Canizales
|
0-0: Ball 1-0: Called Strike 1-1: Ball 2-1: Foul Ball, location: 2F 2-2: Foul Ball, location: 2F 2-2: Foul Ball, location: 2F 2-2: Ball 3-2: Strikes out looking
|
|
Batting: LHB Osamu Kubo
|
0-0: Ball 1-0: Called Strike 1-1: Ground out 6-3 (Groundball, 56, EV 97.5 MPH)
|
| Top of the 7th over - 0 runs, 0 hits, 0 errors, 0 left on base; Philadelphia 4 - New York 5 |
| BOTTOM OF THE 7TH |
|
New York Mets batting - Pitching for Philadelphia Phillies : RHP Josh Allport
|
|
Pitching: RHP Ken Tetzlaff
|
|
|
Batting: RHB Antonio Aranda
|
0-0: Called Strike 0-1: Ball 1-1: Ball 2-1: Ball 3-1: Base on Balls
|
|
Batting: RHB Finn Ross
|
0-0: Sac Bunt to P - play at first, batter OUT! 1-3 Antonio Aranda to second
|
|
Batting: LHB Kevin Bellman
|
0-0: Swinging Strike 0-1: Ball 1-1: Called Strike 1-2: Ball 2-2: Ball 3-2: Base on Balls
|
|
Batting: SHB Sean Cook
|
0-0: Ball 1-0: Ball 2-0: Ball 3-0: Called Strike 3-1: Foul Ball, location: 2F 3-2: Base on Balls Antonio Aranda to third Kevin Bellman to second
|
|
Batting: SHB Nelle van den Berg
|
0-0: Ball 1-0: Grounds into fielders choice 4-2 (Groundball, 34S, EV 68.1 MPH) Kevin Bellman to third Sean Cook to second
|
|
Batting: SHB Roberto Magne
|
0-0: Ball 1-0: Swinging Strike 1-1: Swinging Strike 1-2: Foul Ball, location: 2F 1-2: Ball 2-2: Strikes out swinging
|
| Bottom of the 7th over - 0 runs, 0 hits, 0 errors, 3 left on base; Philadelphia 4 - New York 5 |
| TOP OF THE 8TH |
|
Philadelphia Phillies batting - Pitching for New York Mets : LHP Steve Kelly
|
|
Batting: LHB Brad Turner
|
0-0: Foul Ball, location: 2F 0-1: Ball 1-1: Foul Ball, location: 2F 1-2: Ball 2-2: Ball 3-2: Strikes out swinging
|
|
Pinch Hitting: RHB Chris Pounds
|
0-0: Foul Ball, location: 2F 0-1: Ball 1-1: Ball 2-1: Ball 3-1: Called Strike 3-2: Strikes out swinging
|
|
Batting: SHB Phuck II
|
0-0: Ground out 6-3 (Groundball, 6M, EV 76.2 MPH)
|
| Top of the 8th over - 0 runs, 0 hits, 0 errors, 0 left on base; Philadelphia 4 - New York 5 |
| BOTTOM OF THE 8TH |
|
New York Mets batting - Pitching for Philadelphia Phillies : RHP Ken Tetzlaff
|
|
Pitching: RHP Brian Thomas
|
|
|
Now in CF: Danny Hill
|
|
|
Batting: SHB Javy Rosa
|
0-0: Foul Ball, location: 2F 0-1: Called Strike 0-2: DOUBLE (Flyball, 89D, EV 105.6 MPH)
|
|
Batting: LHB Fabiano Perrolas
|
0-0: Ball 1-0: Foul Ball, location: 2F 1-1: Ball 2-1: Foul Ball, location: 2F 2-2: DOUBLE (Groundball, 5L, EV 102.5 MPH) Javy Rosa scores
|
|
Batting: RHB Billy Walker
|
0-0: Ball 1-0: Swinging Strike 1-1: SINGLE (Groundball, P, EV 80.0 MPH) (infield hit) Fabiano Perrolas to third
|
|
Batting: RHB Antonio Aranda
|
0-0: Grounds into double play, 5-4-3 (Groundball, 5, EV 91.2 MPH) Fabiano Perrolas scores
|
|
Batting: RHB Finn Ross
|
0-0: Foul Ball, location: 2F 0-1: Ball 1-1: Called Strike 1-2: Strikes out swinging
|
| Bottom of the 8th over - 2 runs, 3 hits, 0 errors, 0 left on base; Philadelphia 4 - New York 7 |
| TOP OF THE 9TH |
|
Philadelphia Phillies batting - Pitching for New York Mets : LHP Steve Kelly
|
|
Pitching: LHP Sam Schrecengost
|
|
|
Batting: LHB Mike Davis
|
0-0: Ball 1-0: Ball 2-0: Foul Ball, location: 2F 2-1: Ball 3-1: Base on Balls
|
|
Batting: RHB Quintin Parker
|
0-0: Swinging Strike 0-1: Ball 1-1: Swinging Strike 1-2: Strikes out looking
|
|
Batting: RHB Josh Hensley
|
0-0: Swinging Strike 0-1: Foul Ball, location: 2F 0-2: Ball 1-2: Strikes out swinging
|
|
Batting: SHB Lance Franklin
|
0-0: Called Strike 0-1: Foul Ball, location: 2F 0-2: Ball 1-2: Strikes out looking
|
| Top of the 9th over - 0 runs, 0 hits, 0 errors, 1 left on base; Philadelphia 4 - New York 7 |
|